cohdb
Replays
Latest Replays
All Replays
Popular Replays
Top Player Replays
Match Explorer
How It Works
Community
CoH3 Stats
Reddit
Sign in to upload your games and track your stats! →
Sign in with Steam
Match 39243976
Unlisted
Match 39243976
Overview
Messages
Build Orders
End
Engineer Squad
Construct Barracks
Riflemen Squad
Construct Weapon Support Center
M1919 Machine Gun Team
Riflemen Squad
Grenade Package
Construct Medical Station
Selects Advanced Infantry Battlegroup
Selects Convert to Ranger Squad
Selects Convert to Ranger Squad
Convert to Ranger Squad
Bazooka Squad
Mechanized Support Center
Riflemen Squad
Construct Motor Pool
M1 Anti-tank Gun Team
Selects Designate Assault Position
Convert to Ranger Squad
Engineer Squad
M1 Anti-tank Gun Team
Riflemen Squad
.30 cal Machine Gun
M24 Chaffee Light Tank
Riflemen Squad
Selects Infantry Assault
Selects Artillery Observers
Selects M2A1 105mm Howitzer Emplacement
Infantry Assault
Convert to Ranger Squad
Construct Tank Depot
M18 Hellcat Tank Destroyer
M18 Hellcat Tank Destroyer
Riflemen Squad
M4A1 Sherman Medium Tank
Riflemen Squad
Coolstar
Wrathment
0
0
Comments
sign in to comment!
No comments posted yet!